 Dungeon Crawl Stone Soup version 0.30-a0-618-gd6c86c23d0 (webtiles) character file.

Game seed: 4351128942300483621

2423 dr0g0th the Poker (level 9, -3/66 HPs)
             Began as a Demonspawn Gladiator on Jan 9, 2023.
             Splashed by a jelly's acid (10 damage)
             ... on level 7 of the Dungeon.
             The game lasted 00:13:17 (5899 turns).

dr0g0th the Poker (Demonspawn Gladiator)            Turns: 5899, Time: 00:13:18

Health: -3/66      AC:  2    Str: 16      XL:     9   Next: 24%
Magic:  9/9        EV:  8    Int: 13      God:
Gold:   317        SH: 14    Dex: 17 (24) Spells: 8/8 levels left

rFire   . . .      SeeInvis .    a - +0 trident (freeze)
rCold   . . .      Faith    .    j - +0 tower shield
rNeg    . . .      Spirit   .    g - +0 scale mail
rPois   .          Reflect  .    c - +0 helmet
rElec   .          Harm     .    (no cloak)
rCorr   .          Rampage  .    (no gloves)
Will    .....                    (no boots) Stlth
                                 (no amulet)
HPRegen 0.31/turn                b - +4 ring of protection
MPRegen 0.11/turn                k - +6 ring of dexterity

@: corroded
A: yellow scales 1, demonic guardian 1, ignite blood 2, talons 1, agile 1,
clever 1
a: no special abilities


You were on level 7 of the Dungeon.
You visited 1 branch of the dungeon, and saw 7 of its levels.

You collected 353 gold pieces.
You spent 36 gold pieces at shops.

Inventory:

Hand Weapons
 a - a +0 trident of freezing (weapon)
 m - a +0 bardiche
Missiles
 d - 3 throwing nets (quivered)
 e - 5 javelins
Armour
 c - a +0 helmet (worn)
 g - a +0 scale mail (worn)
 j - a +0 tower shield (worn)
 l - a +2 pair of gloves
Jewellery
 b - a +4 ring of protection (left hand)
 k - a +6 ring of dexterity (right hand)
Wands
 h - a wand of polymorph (5)
Scrolls
 f - a scroll of blinking
 n - a scroll of torment {unknown}
 o - a scroll of identify
 p - a scroll of magic mapping {unknown}
 q - a scroll of enchant armour {unknown}
 s - a scroll of brand weapon
Potions
 i - a potion of brilliance
 r - 2 potions of curing {unknown}


   Skills:
 + Level 4.5 Fighting
 + Level 6.9 Polearms
 + Level 1.9 Throwing
 + Level 5.5 Armour
 + Level 5.1 Dodging
 + Level 0.8 Stealth
 + Level 4.2 Shields
 + Level 0.5 Evocations


You had 8 spell levels left.
You didn't know any spells.
Your spell library contained the following spells:

 Spells                   Type           Power      Damage    Failure   Level
 Cause Fear               Hex            0%         N/A       100%        4
 Dragon Form              Tmut           0%         N/A       100%        7
 Dragon's Call            Summ           0%         N/A       100%        9


Dungeon Overview and Level Annotations

Branches:
Dungeon (7/15)
 Temple: D:4-7

Altars:
Kikubaaqudgha
Yredelemnul

Shops:
D:5 *

Annotations:
D:3 CraigOfTheCreek's ghost, weakling DrWn


Innate Abilities, Weirdness & Mutations

You are partially covered in yellow scales. (AC +2)
A weak demonic guardian rushes to your aid.
Your demonic aura often causes spilled blood to erupt in flames.
You have sharp toenails.
You are agile. (Dex +4, Str/Int -1)
Your mind is acute. (Int +4, Str/Dex -1)


Message History

You block the orc warrior's attack. The orc warrior barely misses you.
You reach to attack!
You hit the orc warrior but do no damage.
You block the orc warrior's attack.
You closely miss the bullfrog.
The bullfrog hits you but does no damage.
The orc warrior hits you from afar with a +0 glaive!
You block the bullfrog's attack.
The jelly jiggles.
The jelly hits you. The acid corrodes you!
You are splashed with acid!
You hit the bullfrog.
The bullfrog seems to slow down.
You freeze the bullfrog. Your kick misses the bullfrog.
The bullfrog is moderately wounded.
The orc warrior hits you from afar with a +0 glaive.
You block the bullfrog's attack. The jelly hits you but does no damage.
You block the orc warrior's attack.
The bullfrog hits you but does no damage.
The jelly barely misses you.
There is a stone staircase leading up here.
You puncture the bullfrog!
The bullfrog seems to slow down.
You freeze the bullfrog. You claw the bullfrog.
You kill the bullfrog!
The jelly hits you but does no damage. The orc warrior closely misses you.
You block the jelly's attack.
You hit the jelly but do no damage. The acid corrodes you!
Your hands burn!
You claw the jelly, but do no damage.
The orc warrior hits you from afar with a +0 glaive.
The jelly barely misses you.
You hit the jelly but do no damage. The acid corrodes you!
Your hands burn!
The orc warrior hits you from afar with a +0 glaive!!
* * * LOW HITPOINT WARNING * * *
A demonic guardian appears!
The jelly hits you.
* * * LOW HITPOINT WARNING * * *
You are splashed with acid.
* * * LOW HITPOINT WARNING * * *
The orc warrior barely misses you. The jelly hits you.
* * * LOW HITPOINT WARNING * * *
A demonic guardian appears!
You are splashed with acid!
You die...

### #.. #.#
## #.# ...
#####.# ###$
.....# ##.##
#.5###.#y..#
#@.o[[.##D##
#J5.#)###'#.
#..##..##.##
#..#.??!'#'?
#..#...)##.[
#..##$.###[?
#...####.'$.
#.#......##?


You could see a hornet, an orc warrior (ally target), a jelly (ally target), a
friendly quasit (summoned) and a friendly ufetubus (summoned).

Vanquished Creatures
  Grinder (D:5)
  Sigmund (D:6)
  Eustachio (D:4)
  Menkaure (D:5)
  3 sky beasts
  A black bear (D:5)
  An ice beast (D:6)
  2 ogres (D:5)
  A centaur (D:4)
  A phantom (D:3)
  2 bullfrogs
  A wight (D:7)
  A vampire bat (D:5)
  A howler monkey (D:6)
  A quasit (D:2)
  2 jellies (D:5)
  Crazy Yiuf (D:5)
  2 gnoll boudas
  A hound (D:4)
  2 iguanas (D:6)
  3 orc wizards
  Ijyb (D:3)
  9 gnolls
  4 adders
  A white imp (D:6)
  An ufetubus (D:7)
  A worm (D:3)
  3 dart slugs (D:3)
  19 orcs
  7 ball pythons
  3 bat skeletons (D:5)
  4 bat zombies (D:5)
  10 endoplasms
  A giant cockroach (D:2)
  13 goblins
  11 hobgoblins
  4 jackals (D:5)
  4 quokkas
  3 bats
  5 kobolds
  6 rats
  A spectral orc (D:4)
141 creatures vanquished.

Vanquished Creatures (collateral kills)
  A quasit (D:4)
  An iguana (D:5)
  An orc wizard (D:4)
  Robin (D:3)
  5 gnolls
  2 orcs
  A hobgoblin (D:3)
12 creatures vanquished.

Vanquished Creatures (others)
  3 toadstools (D:7)
3 creatures vanquished.

Grand Total: 156 creatures vanquished

Notes
Turn   | Place    | Note
-------+----------+-------------------------------------------
     0 | D:1      | dr0g0th the Demonspawn Gladiator began the quest for the
                  | Orb.
     0 | D:1      | Reached XP level 1. HP: 16/16 MP: 1/1
   140 | D:1      | Reached skill level 3 in Polearms
   140 | D:1      | Gained mutation: You are partially covered in yellow
                  | scales. (AC +2) [demonic ancestry]
   140 | D:1      | Reached XP level 2. HP: 17/22 MP: 2/2
   477 | D:1      | Reached XP level 3. HP: 27/27 MP: 3/3
   694 | D:2      | You fall into a shaft and drop 2 floors!
   695 | D:4      | Noticed a centaur
   704 | D:4      | Gained mutation: Your mind is acute. (Int +4, Str/Dex -1)
                  | [potion of mutation]
   704 | D:4      | Gained mutation: You have sharp toenails. [potion of
                  | mutation]
   704 | D:4      | Gained mutation: You are agile. (Dex +4, Str/Int -1)
                  | [potion of mutation]
   709 | D:4      | Killed a centaur
   710 | D:4      | Reached skill level 1 in Armour
   710 | D:4      | Reached XP level 4. HP: 14/34 MP: 4/4
   713 | D:4      | Reached skill level 4 in Polearms
   829 | D:4      | Gained mutation: A weak demonic guardian rushes to your
                  | aid. [demonic ancestry]
   829 | D:4      | Reached XP level 5. HP: 32/39 MP: 5/5
   892 | D:4      | Noticed a phantom
   913 | D:4      | Noticed Eustachio
   940 | D:3      | Killed a phantom
   941 | D:3      | Reached skill level 1 in Shields
  1045 | D:3      | Noticed Ijyb
  1092 | D:3      | Killed Ijyb
  1093 | D:3      | Reached XP level 6. HP: 47/47 MP: 6/6
  1243 | D:3      | Noticed Robin
  1294 | D:3      | Killed Robin
  1392 | D:3      | Found a faded altar of an unknown god.
  1706 | D:3      | Found a transporter.
  1707 | D:3      | Noticed CraigOfTheCreek's ghost (weakling DrWn)
  1720 | D:3      | Found a transporter.
  2230 | D:4      | Lost dexterity.
  2386 | D:4      | HP: 2/47 [gnoll/+0 club (3)]
  2391 | D:4      | HP: 1/47 [gnoll/+0 whip (3)]
  2795 | D:4      | Found a basalt altar of Yredelemnul.
  2988 | D:4      | Gained mutation: Your demonic aura sometimes causes spilled
                  | blood to erupt in flames. [demonic ancestry]
  2988 | D:4      | Reached XP level 7. HP: 7/52 MP: 7/7
  3162 | D:4      | Killed Eustachio
  3327 | D:5      | Entered Level 5 of the Dungeon
  3436 | D:5      | Noticed Grinder
  3441 | D:5      | Reached skill level 5 in Polearms
  3451 | D:5      | Paralysed by Grinder for 4 turns
  3460 | D:5      | Paralysed by Grinder for 4 turns
  3649 | D:5      | Paralysed by Grinder for 5 turns
  3662 | D:5      | Paralysed by Grinder for 3 turns
  3667 | D:5      | Killed Grinder
  3668 | D:5      | Reached XP level 8. HP: 35/60 MP: 8/8
  3764 | D:5      | Found Qiri's CLEARANCE SALE!.
  3783 | D:5      | Bought a +0 bardiche for 36 gold pieces
  3810 | D:5      | Noticed Menkaure
  4012 | D:6      | Noticed Sigmund
  4016 | D:5      | Killed Menkaure
  4139 | D:5      | Found a runed translucent door.
  4140 | D:5      | Noticed Crazy Yiuf
  4217 | D:5      | Reached skill level 5 in Armour
  4350 | D:5      | Found an ancient bone altar of Kikubaaqudgha.
  4551 | D:5      | Killed Crazy Yiuf
  4904 | D:6      | Killed Sigmund
  4905 | D:6      | Reached skill level 6 in Polearms
  4905 | D:6      | Reached skill level 5 in Dodging
  5371 | D:6      | Gained mutation: Your demonic aura often causes spilled
                  | blood to erupt in flames. [demonic ancestry]
  5371 | D:6      | Reached XP level 9. HP: 61/66 MP: 9/9
  5899 | D:7      | Splashed by a jelly's acid

Illustrated notes

Levels and vault maps discovered:
D:1:      nzn_arrival_depleted_hourglass, layout_rooms
D:2:      layout_basic, minmay_fountain_box
D:3:      layout_basic, zin_statuary, nicolae_overflow_ecumenical_swirl,
          gammafunk_ghost_stat_death, uniq_ijyb, uniq_robin
D:4:      layout_cave_pools, yredelemnul_forgotten_temple_becter,
          kennysheep_little_box, chequers_hall_statues_corner_a, uniq_eustachio
D:5:      layout_rooms, kennysheep_vampire_church, nicolae_shop_clearance,
          uniq_grinder, uniq_crazy_yiuf_cottage, uniq_menkaure
D:6:      layout_rooms, uniq_sigmund
D:7:      layout_loops_ring, mainiacjoe_overflow_brackets,
          nicolae_dithmenos_through_a_glass_darkly, minmay_temple_entry_waves,
          minmay_gold_behind_fungi, minmay_joined_circles

Skill      XL: |  1  2  3  4  5  6  7  8  9 |
---------------+----------------------------+-----
Polearms       | 3 4 5 6 |  6.9
Dodging        | 3 4 5 |  5.1
Armour         | 1 3 4 5 |  5.5
Shields        | 1 2 3 4 |  4.2
Fighting       | 3 4 |  4.5
Throwing       | |  1.9
Stealth        | |  0.8
Evocations     | |  0.5

Action                   |  1- 3 |  4- 6 |  7- 9 || total
-------------------------+-------+-------+-------++-------
Melee: Trident           |    95 |   254 |   269 ||   618
       Kick              |     1 |    41 |    60 ||   102
       Unarmed           |       |     3 |       ||     3
Throw: Throwing net      |       |       |     1 ||     1
Evoke: Wand              |       |       |     3 ||     3
  Use: Potion            |     1 |     2 |     1 ||     4
       Scroll            |       |     5 |     4 ||     9
 Stab: Sleeping          |     1 |       |       ||     1
Armor: Leather armour    |    12 |       |       ||    12
       Scale mail        |    35 |   531 |   168 ||   734
       Skin              |       |     8 |       ||     8
Dodge: Dodged            |    54 |   139 |    78 ||   271
Block: Tower shield      |    13 |   250 |   212 ||   475

Table legend: (Time is in decaauts)
 A = Elapsed time spent in this place.
 B = Non-inter-level travel time spent in this place.
 C = Inter-level travel time spent in this place.
 D = Time resting spent in this place.
 E = Time spent auto-exploring this place.
 F = Levels seen in this place.
 G = Mean time per level.
                   A        B        C        D        E       F      G
               +--------+--------+--------+--------+--------+-----+--------+
         Total |   6650 |   6407 |    243 |   2027 |   2740 |   7 |  950.0 |
       Dungeon |   6650 |   6407 |    243 |   2027 |   2740 |   7 |  950.0 |
               +--------+--------+--------+--------+--------+-----+--------+

Top non-repeatable levels by time:
     D:4: 2077 daAuts
     D:5: 1416 daAuts
     D:3: 1336 daAuts
     D:6: 1002 daAuts
     D:1: 665 daAuts
     D:7: 102 daAuts
     D:2: 49 daAuts
